3L
JACKSONVILLE SHARKS @ THUNDER BAY NORTHERN LIONS BC
08/02/2018
 
TOP OF THE 1ST
Jacksonville Sharks batting - Pitching for Thunder Bay Northern Lions BC : RHP Miguel Castillo
Pitching: RHP Miguel Castillo
Batting: SHB Gregg Wagner 0-0: Ground out 4-3 (Groundball, 34)
Batting: RHB Pedro Cruz 0-0: Ball
1-0: Called Strike
1-1: Ball
2-1: Swinging Strike
2-2: Strikes out swinging
Batting: RHB Luis Muñóz 0-0: Ball
1-0: Ball
2-0: Called Strike
2-1: Called Strike
2-2: Ball
3-2: Base on Balls
Batting: RHB Bertrand Sunter 0-0: Ball
1-0: Called Strike
1-1: Fly out, F8 (Flyball, 8LM)
Top of the 1st over - 0 run(s), 0 hit(s), 0 error(s), 1 left on base; Jacksonville 0 - Thunder Bay 0
BOTTOM OF THE 1ST
Thunder Bay Northern Lions BC batting - Pitching for Jacksonville Sharks : RHP Roger Garrett
Pitching: RHP Roger Garrett
Batting: LHB Arnold Cook 0-0: Ball
1-0: Ball
2-0: Called Strike
2-1: Foul Ball, location: 2F
2-2: Ground out 1-3 (Groundball, 13S)
Batting: SHB Arnold Griffith 0-0: Ball
1-0: Ball
2-0: Foul Ball, location: 2F
2-1: SINGLE (Line Drive, 56D)
Batting: LHB David Smith 0-0: Foul Ball, location: 2F
0-1: Foul Ball, location: 2F
0-2: Ball
1-2: DOUBLE (Line Drive, 7LS)
Arnold Griffith to third
Batting: RHB Duncan Thomas 0-0: Ball
1-0: Foul Ball, location: 2F
1-1: Called Strike
1-2: Ball
2-2: Ball
Wild Pitch!
Arnold Griffith scores
David Smith to third
3-2: Base on Balls
Batting: RHB Keith Burnett 0-0: Called Strike
0-1: Ball
1-1: Ball
2-1: Foul Ball, location: 2F
2-2: 3-RUN HOME RUN (Flyball, 7D), Distance : 399 ft
Batting: RHB Jacob Holt 0-0: Ball
1-0: Called Strike
1-1: Swinging Strike
1-2: Foul Ball, location: 2F
1-2: Strikes out swinging
Batting: RHB Vernon Caw 0-0: Fly out, F8 (Flyball, 8LM)
Bottom of the 1st over - 4 run(s), 3 hit(s), 0 error(s), 0 left on base; Jacksonville 0 - Thunder Bay 4
TOP OF THE 2ND
Jacksonville Sharks batting - Pitching for Thunder Bay Northern Lions BC : RHP Miguel Castillo
Batting: SHB Dustin Tucker 0-0: Called Strike
0-1: Foul Ball, location: 2F
0-2: Strikes out swinging
Batting: RHB Randolph Davis 0-0: Ball
1-0: Swinging Strike
1-1: Ball
2-1: Foul Ball, location: 2F
2-2: Foul Ball, location: 2F
2-2: Strikes out looking
Batting: LHB Chris Henry 0-0: Ball
1-0: Fly out, F8 (Flyball, 8LM)
Top of the 2nd over - 0 run(s), 0 hit(s), 0 error(s), 0 left on base; Jacksonville 0 - Thunder Bay 4
BOTTOM OF THE 2ND
Thunder Bay Northern Lions BC batting - Pitching for Jacksonville Sharks : RHP Roger Garrett
Batting: RHB Ramiro Rico 0-0: Ball
1-0: SINGLE (Flyball, 7LS)
Batting: RHB Miguel Castillo 0-0: Bunt missed!
0-1: Sac Bunt - play at second, runner OUT -> throw to first, DP!
Batting: LHB Arnold Cook 0-0: Ball
1-0: Called Strike
1-1: Ball
2-1: Called Strike
2-2: Ground out 4-3 (Groundball, 4)
Bottom of the 2nd over - 0 run(s), 1 hit(s), 0 error(s), 0 left on base; Jacksonville 0 - Thunder Bay 4
TOP OF THE 3RD
Jacksonville Sharks batting - Pitching for Thunder Bay Northern Lions BC : RHP Miguel Castillo
Batting: RHB Dave Knight 0-0: Ball
1-0: Fly out, F6 (Popup, 6MD)
Pinch Hitting: RHB David Nielsen 0-0: Ball
1-0: Ball
2-0: Swinging Strike
2-1: Ball
3-1: Foul Ball, location: 2F
3-2: Foul Ball, location: 2F
3-2: Strikes out looking
Batting: SHB Gregg Wagner 0-0: Fly out, F7 (Flyball, 7S)
Top of the 3rd over - 0 run(s), 0 hit(s), 0 error(s), 0 left on base; Jacksonville 0 - Thunder Bay 4
BOTTOM OF THE 3RD
Thunder Bay Northern Lions BC batting - Pitching for Jacksonville Sharks : RHP Roger Garrett
Pitching: RHP Pete Poirot
Batting: SHB Arnold Griffith 0-0: Called Strike
0-1: Ball
1-1: Ball
2-1: Fly out, F7 (Flyball, 7D)
Batting: LHB David Smith 0-0: Called Strike
0-1: Ball
1-1: Foul Ball, location: 2F
1-2: Ground out 4-3 (Groundball, 34)
Batting: RHB Duncan Thomas 0-0: SOLO HOME RUN (Flyball, 8LXD), Distance : 443 ft
Batting: RHB Keith Burnett 0-0: Ball
1-0: Ball
2-0: Called Strike
2-1: Ball
3-1: Called Strike
3-2: Base on Balls
Batting: RHB Jacob Holt 0-0: Called Strike
0-1: Ball
1-1: Called Strike
1-2: Fielders Choice at 2nd, U4 (Groundball, 4M)
Bottom of the 3rd over - 1 run(s), 1 hit(s), 0 error(s), 1 left on base; Jacksonville 0 - Thunder Bay 5
TOP OF THE 4TH
Jacksonville Sharks batting - Pitching for Thunder Bay Northern Lions BC : RHP Miguel Castillo
Batting: RHB Pedro Cruz 0-0: Called Strike
0-1: Swinging Strike
0-2: Foul Ball, location: 2F
0-2: Ball
1-2: Fly out, F3 (Flyball, 34)
Batting: RHB Luis Muñóz 0-0: Ground out 5-3 (Groundball, 56S)
Batting: RHB Bertrand Sunter 0-0: Ball
1-0: Ball
2-0: SINGLE (Line Drive, 4M)
Batting: SHB Dustin Tucker 0-0: Called Strike
0-1: Foul Ball, location: 2F
0-2: Ball
1-2: Strikes out swinging
Top of the 4th over - 0 run(s), 1 hit(s), 0 error(s), 1 left on base; Jacksonville 0 - Thunder Bay 5
BOTTOM OF THE 4TH
Thunder Bay Northern Lions BC batting - Pitching for Jacksonville Sharks : RHP Pete Poirot
Batting: RHB Vernon Caw 0-0: Ball
1-0: Ball
2-0: SINGLE (Line Drive, 34)
Batting: RHB Ramiro Rico 0-0: Grounds into double play, 6-4-3 (Groundball, 6)
Batting: RHB Miguel Castillo 0-0: Ball
1-0: Ball
2-0: Ball
3-0: Called Strike
3-1: SINGLE (Flyball, 8RS)
Batting: LHB Arnold Cook 0-0: Ball
1-0: Swinging Strike
1-1: Ball
2-1: Swinging Strike
2-2: Foul Ball, location: 2F
2-2: Ball
3-2: Foul Ball, location: 2F
3-2: Base on Balls
Miguel Castillo to second
Batting: SHB Arnold Griffith 0-0: Ball
1-0: Ball
2-0: Foul Ball, location: 2F
2-1: SINGLE (Line Drive, 7LS)
Miguel Castillo to third
Arnold Cook to second
Batting: LHB David Smith 0-0: Ball
1-0: Ball
2-0: Swinging Strike
2-1: Ball
3-1: Base on Balls
Miguel Castillo scores
Arnold Cook to third
Arnold Griffith to second
Batting: RHB Duncan Thomas 0-0: Called Strike
0-1: Ball
1-1: Swinging Strike
1-2: SINGLE (Groundball, 6MD)
Arnold Cook scores
Arnold Griffith to third
David Smith to second
Runner from 3rd tries for Home, SAFE, no throw or cutoff
Pitching: RHP Henry Hart
Batting: RHB Keith Burnett 0-0: Ground out 5-3 (Groundball, 56S)
Bottom of the 4th over - 3 run(s), 4 hit(s), 0 error(s), 2 left on base; Jacksonville 0 - Thunder Bay 8
TOP OF THE 5TH
Jacksonville Sharks batting - Pitching for Thunder Bay Northern Lions BC : RHP Miguel Castillo
Batting: RHB Randolph Davis 0-0: Ball
1-0: Ground out 5-3 (Groundball, 5S)
Batting: LHB Chris Henry 0-0: Ball
1-0: Foul Ball, location: 2F
1-1: Ball
2-1: Ball
3-1: Swinging Strike
3-2: Strikes out swinging
Batting: RHB Dave Knight 0-0: Ground out 4-3 (Groundball, 4M)
Top of the 5th over - 0 run(s), 0 hit(s), 0 error(s), 0 left on base; Jacksonville 0 - Thunder Bay 8
BOTTOM OF THE 5TH
Thunder Bay Northern Lions BC batting - Pitching for Jacksonville Sharks : RHP Henry Hart
Batting: RHB Jacob Holt 0-0: Called Strike
0-1: Ball
1-1: Ball
2-1: Ball
3-1: Base on Balls
Batting: RHB Vernon Caw 0-0: Swinging Strike
0-1: Grounds into double play, U6-3 (Groundball, 6M)
Batting: RHB Ramiro Rico 0-0: Ball
1-0: Ball
2-0: SINGLE (Groundball, 5L)
Batting: RHB Miguel Castillo 0-0: Called Strike
0-1: Ball
1-1: Fly out, F8 (Flyball, 8RXD)
Bottom of the 5th over - 0 run(s), 1 hit(s), 0 error(s), 1 left on base; Jacksonville 0 - Thunder Bay 8
TOP OF THE 6TH
Jacksonville Sharks batting - Pitching for Thunder Bay Northern Lions BC : RHP Miguel Castillo
Pinch Hitting: RHB Forest Simmons 0-0: Called Strike
0-1: Ball
1-1: Swinging Strike
1-2: Ball
2-2: Strikes out swinging
Batting: SHB Gregg Wagner 0-0: Swinging Strike
0-1: Ball
1-1: SINGLE (Line Drive, 4D)
Batting: RHB Pedro Cruz 0-0: Fly out, F8 (Line Drive, 8RS)
Batting: RHB Luis Muñóz 0-0: Ball
Gregg Wagner steals 2nd base
1-0: Ball
2-0: Foul Ball, location: 2F
2-1: Fly out, F8 (Flyball, 89M)
Top of the 6th over - 0 run(s), 1 hit(s), 0 error(s), 1 left on base; Jacksonville 0 - Thunder Bay 8
BOTTOM OF THE 6TH
Thunder Bay Northern Lions BC batting - Pitching for Jacksonville Sharks : RHP Henry Hart
Pitching: RHP Jason Ackerman
Batting: LHB Arnold Cook 0-0: Called Strike
0-1: Foul Ball, location: 2F
0-2: Ball
1-2: Ball
2-2: Foul Ball, location: 2F
2-2: Foul Ball, location: 2F
2-2: Ball
3-2: Base on Balls
Batting: SHB Arnold Griffith 0-0: Swinging Strike
0-1: Foul Ball, location: 2F
0-2: Ball
1-2: Ball
2-2: Ball
3-2: SINGLE (Groundball, 4)
Arnold Cook to second
Arnold Cook to third
Batting: LHB David Smith 0-0: Ball
1-0: Called Strike
1-1: Ball
2-1: Ball
3-1: Grounds into double play, 4-6-3 (Groundball, 34)
Arnold Cook scores
Batting: RHB Duncan Thomas 0-0: Foul Ball, location: 2F
0-1: Fly out, F2 (Popup, 2LF)
Bottom of the 6th over - 1 run(s), 1 hit(s), 0 error(s), 0 left on base; Jacksonville 0 - Thunder Bay 9
TOP OF THE 7TH
Jacksonville Sharks batting - Pitching for Thunder Bay Northern Lions BC : RHP Miguel Castillo
Batting: RHB Bertrand Sunter 0-0: Ball
1-0: Foul Ball, location: 2F
1-1: Foul Ball, location: 2F
1-2: DOUBLE (Line Drive, 5D)
Batting: SHB Dustin Tucker 0-0: Called Strike
0-1: Ground out U3 (Groundball, 3)
Bertrand Sunter to third
Batting: RHB Randolph Davis 0-0: Foul Ball, location: 2F
0-1: Ball
1-1: Ball
2-1: Ball
3-1: Foul Ball, location: 2F
3-2: Base on Balls
Batting: LHB Chris Henry 0-0: Ball
1-0: Ball
2-0: Ball
3-0: Called Strike
3-1: Called Strike
3-2: Foul Ball, location: 2F
3-2: SINGLE (Flyball, 8LS)
Bertrand Sunter scores
Randolph Davis to second
Batting: RHB Dave Knight 0-0: Foul Ball, location: 2F
0-1: Grounds into double play, U6-3 (Groundball, 6)
Top of the 7th over - 1 run(s), 2 hit(s), 0 error(s), 1 left on base; Jacksonville 1 - Thunder Bay 9
BOTTOM OF THE 7TH
Thunder Bay Northern Lions BC batting - Pitching for Jacksonville Sharks : RHP Jason Ackerman
Batting: RHB Keith Burnett 0-0: SINGLE (Line Drive, 56D)
Batting: RHB Jacob Holt 0-0: Foul Ball, location: 2F
0-1: Called Strike
0-2: Ball
1-2: Strikes out looking
Batting: RHB Vernon Caw 0-0: Called Strike
0-1: Ball
1-1: Called Strike
1-2: Fly out, F9 (Flyball, 89M)
Batting: RHB Ramiro Rico 0-0: Ball
1-0: Foul Ball, location: 2F
1-1: Ball
2-1: Fielders Choice at 2nd, U6 (Groundball, 6M)
Bottom of the 7th over - 0 run(s), 1 hit(s), 0 error(s), 1 left on base; Jacksonville 1 - Thunder Bay 9
TOP OF THE 8TH
Jacksonville Sharks batting - Pitching for Thunder Bay Northern Lions BC : RHP Miguel Castillo
Pinch Hitting: LHB Wilfrid Savary 0-0: Swinging Strike
0-1: Foul Ball, location: 2F
0-2: Strikes out swinging
Batting: SHB Gregg Wagner 0-0: Ball
1-0: Called Strike
1-1: Ball
2-1: Ground out 4-3 (Groundball, 4)
Batting: RHB Pedro Cruz 0-0: Called Strike
0-1: Ball
1-1: Called Strike
1-2: Ball
2-2: Foul Ball, location: 2F
2-2: Fly out, F4 (Popup, 4D)
Top of the 8th over - 0 run(s), 0 hit(s), 0 error(s), 0 left on base; Jacksonville 1 - Thunder Bay 9
BOTTOM OF THE 8TH
Thunder Bay Northern Lions BC batting - Pitching for Jacksonville Sharks : RHP Jason Ackerman
Pitching: RHP Francisco García
Batting: RHB Miguel Castillo 0-0: Swinging Strike
0-1: Ball
1-1: Fly out, F4 (Line Drive, 4)
Batting: LHB Arnold Cook 0-0: Called Strike
0-1: Fly out, F8 (Flyball, 8LS)
Batting: SHB Arnold Griffith 0-0: Ball
1-0: Foul Ball, location: 2F
1-1: Ground out 1-3 (Groundball, 25)
Bottom of the 8th over - 0 run(s), 0 hit(s), 0 error(s), 0 left on base; Jacksonville 1 - Thunder Bay 9
TOP OF THE 9TH
Jacksonville Sharks batting - Pitching for Thunder Bay Northern Lions BC : RHP Miguel Castillo
Batting: RHB Luis Muñóz 0-0: Swinging Strike
0-1: SINGLE (Groundball, 6MD)
Batting: RHB Bertrand Sunter 0-0: Foul Ball, location: 2F
0-1: Fly out, F7 (Flyball, 78S)
Batting: SHB Dustin Tucker 0-0: Foul Ball, location: 2F
0-1: Ball
1-1: Ball
2-1: Fly out, F8 (Line Drive, 78M)
Batting: RHB Randolph Davis 0-0: Called Strike
0-1: Ball
1-1: SINGLE (Line Drive, 34D)
Luis Muñóz to second
Batting: LHB Chris Henry 0-0: Called Strike
0-1: Ball
1-1: SINGLE (Groundball, 56D)
Luis Muñóz to third
Randolph Davis to second
Runner from 3rd tries for Home, SAFE, no throw or cutoff
Batting: RHB Dave Knight 0-0: Called Strike
0-1: Ball
1-1: SINGLE (Groundball, 15S) (infield hit)
Randolph Davis to third
Chris Henry to second
Pinch Hitting: RHB Cliff Dixon 0-0: Ball
1-0: Called Strike
1-1: Foul Ball, location: 2F
1-2: Foul Ball, location: 2F
1-2: Foul Ball, location: 2F
1-2: Ball
2-2: Foul Ball, location: 2F
2-2: Fly out, F8 (Flyball, 8RM)
Top of the 9th over - 1 run(s), 4 hit(s), 0 error(s), 3 left on base; Jacksonville 2 - Thunder Bay 9
This league is powered by Out of the Park Baseball, the baseball management simulation game for PC, Mac and Linux
Monday, May 4th, 2015 - OOTP Baseball 15.6 Build 34